 Dungeon Crawl Stone Soup version 0.31.0-4-g52a2dc7128 (webtiles) character file.

Game seed: 7913368051297646328

296536 GloriousHammer the Impaler (level 19, -25/135 (159) HPs)
             Began as a Formicid Cinder Acolyte on Jan 20, 2024.
             Was the Champion of Ru.
             Killed from afar by a deep elf death mage (39 damage)
             ... with a bolt of negative energy
             ... on level 1 of the Elven Halls on Jan 22, 2024.
             The game lasted 03:04:06 (50138 turns).

GloriousHammer the Impaler (FoCA)                  Turns: 50138, Time: 03:04:07

HP:   -25/135 (159) AC: 39    Str: 26    XL:     19   Next: 81%
MP:   4/9           EV:  6    Int: 11    God:    Ru [******]
Gold: 4373          SH: 20    Dex:  9    Spells: 24/32 levels left

rFire   + + .        N - +2 trident (antimagic)
rCold   + . .        p - +2 tower shield {reflect}
rNeg    . . .        e - +6 crystal plate armour "Rehipues" {Harm}
rPois   .            (helmet unavailable)
rElec   +            D - +2 cloak {rCorr}
rCorr   +            G - +1 pair of gloves
SInv    +            h - +1 pair of boots {Stlth+}
Will    ++...        B - amulet of regeneration Stlth
                     s - ring of Wofaempola {*Corrode rElec rF++ rC+ SInv}
HPRegen 1.22/turn    W - ring of willpower
MPRegen 0.11/turn

%: corrode self (3%), harm (+30% outgoing, +20% incoming), reflection
@: lethally poisoned (-25 -> -29), exhausted, on fire, glowing, studying Short
Blades, heavily drained
A: permanent stasis, dig shafts and tunnels, antennae 3, dopey 2, no hexes
magic, no ice magic, no summoning magic, unskilled 1, inexperienced 2, four
strong arms, no forms
}: 2/15 runes: decaying, serpentine
a: Dig, Shaft Self, Renounce Religion, Draw Out Power, Power Leap, Apocalypse


You were on level 1 of the Elven Halls.
You worshipped Ru.
Ru was exalted by your worship.
You visited 8 branches of the dungeon, and saw 35 of its levels.
You also visited: Ice Cave and Volcano.

You collected 5216 gold pieces.
You spent 843 gold pieces at shops.

Inventory:

Hand Weapons
 a - a +2 vampiric glaive
 b - the +3 trident "Zaukikk" {spect, *Slow rPois Will+ Str+4}
   (You found it on level 5 of the Lair of Beasts)

   Str+4:     It affects your strength (+4).
   rPois:     It protects you from poison Will+: It increases your willpower.
   *Slow:     It may slow you when you take damage.
 N - a +2 antimagic trident (weapon)
Missiles
 r - 2 curare-tipped darts
 u - 11 boomerangs (quivered)
 w - 7 silver javelins
 x - 45 poisoned darts
 Y - 6 javelins
Armour
 e - the +6 crystal plate armour "Rehipues" (worn) {Harm}
   (You acquired it on level 8 of the Dungeon)

   Harm:      It increases damage dealt and taken.
 h - a +1 pair of boots of stealth (worn)
 p - a +2 tower shield of reflection (worn)
 t - a +1 kite shield of protection
 D - a +2 cloak of preservation (worn)
 G - a +1 pair of gloves (worn)
Jewellery
 n - a ring of positive energy
 s - the ring of Wofaempola (left hand) {*Corrode rElec rF++ rC+ SInv}
   (You found it on level 1 of the Snake Pit)

   [ring of protection from cold]

   rF++:      It greatly protects you from fire.
   rC+:       It protects you from cold.
   rElec:     It insulates you from electricity.
   SInv:      It lets you see invisible.
   *Corrode:  It may corrode you when you take damage.
 B - an amulet of regeneration (around neck)
 C - a ring of protection from cold
 L - a ring of flight
 R - a ring of resist corrosion
 W - a ring of willpower (right hand)
Wands
 y - a wand of digging (12)
 H - a wand of flame (68)
 I - a wand of paralysis (36)
 K - a wand of mindburst (8)
 O - a wand of iceblast (32)
 Q - a wand of polymorph (10)
 V - a wand of acid (30)
Scrolls
 f - 8 scrolls of poison
 j - 2 scrolls of fear
 l - 6 scrolls of noise
 o - 6 scrolls of enchant armour
 q - 6 scrolls of revelation
 v - 6 scrolls of enchant weapon
 A - 6 scrolls of fog
 P - 2 scrolls of summoning
 U - 5 scrolls of immolation
Potions
 d - 14 potions of curing
 g - 3 potions of mutation
 i - 6 potions of heal wounds
 k - 3 potions of ambrosia
 m - 3 potions of invisibility
 z - 3 potions of cancellation
 F - 2 potions of enlightenment
 J - 6 potions of brilliance
 M - 8 potions of magic
 T - 8 potions of attraction
 X - a potion of resistance
 Z - 5 potions of might
Miscellaneous
 c - a condenser vane (inert)
 E - a lightning rod (4/4)
 S - a phantom mirror


   Skills:
 + Level 16.9 Fighting
 + Level 17.3 Polearms
 + Level 16.7 Armour
 - Level 2.6 Dodging
 + Level 16.0 Shields
 - Level 7.0 Spellcasting
 - Level 12.0 Necromancy
 - Level 2.6 Fire Magic
 + Level 14.7 Evocations


You had 24 spell levels left.
You knew the following spells:

 Your Spells              Type           Power      Damage    Failure   Level
a - Fugue of the Fallen   Necr           30%        N/A       16%         3
b - Vampiric Draining     Necr           30%        2d8       16%         3
c - Sublimation of Blood  Necr           30%        N/A       8%          2

Your spell library contained the following spells:

 Spells                   Type           Power      Damage    Failure   Level
 Necrotise                Necr           100%       1d9       5%          1
 Animate Dead             Necr           30%        N/A       45%         4
 Kiss of Death            Conj/Necr      68%        2d10      52%         1
 Curse of Agony           Necr           30%        N/A       82%         5
 Scorch                   Fire           18%        2d5       98%         2
 Apportation              Tloc           6%         N/A       100%        1
 Magic Dart               Conj           12%        1d3       100%        1
 Sting                    Conj/Alch      12%        1d3       100%        1
 Lesser Beckoning         Tloc           6%         N/A       100%        2
 Mercury Vapours          Alch/Air       6%         N/A       100%        2
 Searing Ray              Conj           6%         2d4       100%        2
 Static Discharge         Conj/Air       6%         3-4/arc   100%        2
 Gell's Gravitas          Tloc           3%         N/A       100%        3
 Mephitic Cloud           Conj/Alch/Air  3%         N/A       100%        3
 Passwall                 Erth           3%         N/A       100%        3
 Teleport Other           Tloc           3%         N/A       100%        3
 Volatile Blastmotes      Fire/Tloc      12%        2d11      100%        3
 Airstrike                Air            1%         2d(1-17)  100%        4
 Brom's Barrelling Bould  Conj/Erth      3%         2d3       100%        4
 Flame Wave               Conj/Fire      6%         2d5       100%        4
 Fulminant Prism          Conj/Alch      1%         3d5       100%        4
 Iskenderun's Mystic Bla  Conj/Tloc      3%         2d3       100%        4
 Olgreb's Toxic Radiance  Alch           3%         N/A       100%        4
 Passage of Golubria      Tloc           3%         N/A       100%        4
 Petrify                  Alch/Erth      3%         N/A       100%        4
 Sticky Flame             Fire/Alch      6%         2d4       100%        4
 Alistair's Intoxication  Alch           2%         N/A       100%        5
 Fireball                 Conj/Fire      3%         3d4       100%        5
 Irradiate                Conj/Alch      1%         3d12      100%        5
 Iskenderun's Battlesphe  Conj           3%         2d6       100%        5
 Bombard                  Conj/Erth      1%         9d1       100%        6
 Conjure Ball Lightning   Conj/Air       1%         3x3d6     100%        6
 Orb of Destruction       Conj           1%         9d5       100%        7
 Disjunction              Tloc           1%         N/A       100%        8
 Infestation              Necr           15%        N/A       100%        8
 Lehudib's Crystal Spear  Conj/Erth      1%         10d2      100%        8
 Anguish                  Hex/Necr       Unusable   N/A       N/A         4
 Slow                     Hex            Unusable   N/A       N/A         1
 Summon Small Mammal      Summ           Unusable   N/A       N/A         1
 Ensorcelled Hibernation  Hex/Ice        Unusable   N/A       N/A         2
 Jinxbite                 Hex            Unusable   N/A       N/A         2
 Confusing Touch          Hex            Unusable   N/A       N/A         3
 Dazzling Flash           Conj/Hex       Unusable   N/A       N/A         3
 Hailstorm                Conj/Ice       Unusable   3d5       N/A         3
 Inner Flame              Hex/Fire       Unusable   N/A       N/A         3
 Sigil of Binding         Hex            Unusable   N/A       N/A         3
 Summon Ice Beast         Ice/Summ       Unusable   N/A       N/A         3
 Swiftness                Air            Unusable   N/A       N/A         3
 Cause Fear               Hex            Unusable   N/A       N/A         4
 Summon Lightning Spire   Summ/Air       Unusable   N/A       N/A         4
 Freezing Cloud           Conj/Ice/Air   Unusable   6-21      N/A         5
 Silence                  Hex/Air        Unusable   N/A       N/A         5
 Sculpt Simulacrum        Ice/Alch       Unusable   N/A       N/A         6
 Haunt                    Necr/Summ      Unusable   N/A       N/A         7
 Spellforged Servitor     Conj/Summ      Unusable   N/A       N/A         7
 Discord                  Hex            Unusable   N/A       N/A         8

Dungeon Overview and Level Annotations

Branches:
Dungeon (15/15)            Temple (1/1) D:5            Lair (5/5) D:9
  Swamp (4/4) Lair:3        Snake (4/4) Lair:2        Slime (0/5) Lair:4
    Orc (2/2) D:10            Elf (1/3) Orc:2        Vaults (3/5) D:13
  Crypt (0/3) Vaults:3     Depths (0/4) D:15          IceCv (visited)
Volcano (visited)

Altars:
Ashenzari
Cheibriados
Dithmenos
Elyvilon
Fedhas
Gozag
Hepliaklqana
Kikubaaqudgha
Makhleb
Nemelex Xobeh
Okawaru
Qazlal
Ru
Sif Muna
Trog
Uskayaw
Vehumet
Wu Jian
Xom
Yredelemnul
Zin
The Shining One
Jiyva

Shops:
D:1 ([   D:7 :   D:11 *(   D:13 *   Orc:2 :([(   Elf:1 *   Snake:1 :*
Snake:3 :   Vaults:1 !   Vaults:3 (

Portals:
Hell: Lair:5

Annotations:
D:3 exclusion: door
Swamp:1 exclusion: downstairs


Innate Abilities, Weirdness & Mutations

You cannot be hasted, slowed, berserked, paralysed or teleported.
You can dig through walls and to a lower floor.
You have a pair of large antennae on your head. (SInv)
You are very dopey. (Int -4)
You cannot study or cast Hexes magic.
You cannot study or cast Ice magic.
You cannot study or cast Summoning magic.
You are somewhat unskilled. (-1 Apt)
You are inexperienced. (-2 XL)
Your four strong arms can wield two-handed weapons with a shield.
You cannot voluntarily change form.


Message History

You hear a shout!
You puncture the deep elf zephyrmancer!
The lost soul assumes the form of the deep elf zephyrmancer and becomes anchored to this world!
You block the ghostly deep elf zephyrmancer's attack.
You redirect the deep elf pyromancer's attack!
You block the deep elf zephyrmancer's attack.
You closely miss the ghostly deep elf zephyrmancer.
The ghostly deep elf zephyrmancer casts a spell at you.
The bolt of lightning hits you! You resist.
The deep elf death mage beckons forth restless souls!
The deep elf zephyrmancer hits you but does no damage.
Aiming: Power Leap
Press: ? - help, Dir - move target, p - ghostly deep elf zephyrmancer You destroy the lost soul!
The lost soul fades away!
You destroy the lost soul!
The lost soul fades away!
The lost soul assumes the form of the deep elf pyromancer and becomes anchored to this world!
The ghostly deep elf pyromancer casts a spell at you.
The pyre arrow hits you.
You are covered in intense liquid fire!
You redirect the deep elf annihilator's attack!
The deep elf annihilator casts a spell at the deep elf zephyrmancer.
The poison arrow hits you.
You are poisoned.
The deep elf zephyrmancer falters for a moment.
You closely miss the deep elf annihilator.
The deep elf annihilator is severely wounded.
The liquid fire burns you!
You feel extremely sick.
The ghostly deep elf zephyrmancer casts a spell at you.
The bolt of lightning hits you! You resist.
You focus your inner power and blind the ghostly deep elf zephyrmancer in retribution!
You impale the deep elf annihilator!!
The lost soul assumes the form of the deep elf annihilator and becomes anchored to this world!
The liquid fire burns you!
You feel very sick.
The ghostly deep elf annihilator casts a spell at you.
Your +2 tower shield of reflection blocks the poison arrow... and reflects it back!
The poison arrow hits the ghostly deep elf annihilator!
The ghostly deep elf annihilator partially resists.
The ghostly deep elf pyromancer gestures wildly while chanting.
Unknown command.
You puncture the ghostly deep elf annihilator!
The ghostly deep elf annihilator's magic leaks into the air.
The ghostly deep elf annihilator is moderately damaged.
The liquid fire burns you!
You feel very sick.
The ghostly deep elf zephyrmancer is no longer blind.
The ghostly deep elf zephyrmancer is stunned by your conviction and fails to attack.
The ghostly deep elf pyromancer begins to cast a spell, but is stunned by your conviction!
The deep elf death mage is stunned by your conviction and fails to attack.
The ghostly deep elf annihilator barely misses you.
You hit the ghostly deep elf annihilator.
The ghostly deep elf annihilator's magic leaks into the air.
The ghostly deep elf annihilator is heavily damaged.
The liquid fire burns you!
You feel very sick. The fire elemental hits you.
The ghostly deep elf zephyrmancer begins to cast a spell, but is stunned by your conviction!
You hit the ghostly deep elf annihilator.
The ghostly deep elf annihilator's magic leaks into the air.
The ghostly deep elf annihilator is heavily damaged.
The liquid fire burns you!
You feel very sick. The fire elemental hits you.
The deep elf death mage is stunned by your conviction and fails to attack.
You block the ghostly deep elf annihilator's attack.
The deep elf zephyrmancer is stunned by your conviction and fails to attack.
The ghostly deep elf pyromancer points at you and mumbles some strange words.
The pyre arrow hits you.
You are even more covered in intense liquid fire!
The ghostly deep elf zephyrmancer hits you but does no damage.
You hit the ghostly deep elf annihilator.
The ghostly deep elf annihilator's magic leaks into the air.
The ghostly deep elf annihilator is heavily damaged.
The liquid fire burns you!
You feel very sick.
The fire elemental is stunned by your conviction and fails to attack.
The deep elf death mage gestures at you while chanting.
The bolt of negative energy hits you!!!
You feel drained.
* * * LOW HITPOINT WARNING * * *
The ghostly deep elf pyromancer casts a spell.
The ghostly deep elf annihilator hits you but does no damage.
You block the deep elf zephyrmancer's attack.
Okay, then.
Clouds condense from the air!
The condenser dries out!
The liquid fire burns you!
* * * LOW HITPOINT WARNING * * *
You feel very sick.
The fire elemental disappears in a puff of smoke!
The deep elf zephyrmancer's magic is no longer disrupted.
The fire elemental hits you.
The ghostly deep elf zephyrmancer is engulfed in blazing flames.
You block the ghostly deep elf zephyrmancer's attack.
The deep elf zephyrmancer gestures at you while chanting.
The bolt of lightning hits you. You resist.
* * * LOW HITPOINT WARNING * * *
The bolt of lightning misses the fire elemental.
You focus your inner power and illuminate the deep elf zephyrmancer in retribution!
The ghostly deep elf annihilator hits you with a +3 flail.
* * * LOW HITPOINT WARNING * * *
The deep elf death mage points at you and mumbles some strange words.
The bolt of negative energy hits you!!
You feel drained.
You die...

....## ##......).)....).#
####.##
###.###.###.###.##
#..######
##..........#####.
#.#.#.).#####..........##
#. #
#.#))).>..##...........#
#. #
#.#.......##.§§......###
##. ,
#.#.......##§§§§.#.###
##..
#.##.#.......§Eeee..#.#
##...
.......#....#.#e@§..#.#
#....
###..##.#.....§Ee§E.#.
#....
##.###......§§#####.#
#.... # #..###......##
#.#######....
#####..##......#
#^#..........
......#.#......#
#...####.####
)....#.#.[.....#
#.#.#.......#
..⌠..##........#
#.#.#.......#
.....##........#
#...#.......#


You could see a deep elf death mage, a ghostly deep elf annihilator (magic
disrupted), a ghostly deep elf pyromancer, a deep elf zephyrmancer (corona), a
ghostly deep elf zephyrmancer and 3 fire elementals.

Vanquished Creatures
  Mara (Swamp:4)
  Saint Roka (Snake:3)
  A bone dragon (Vaults:3)
  Jorgrun (Swamp:1)
  A tentacled monstrosity (Snake:3)
  Mlioglotl (Swamp:2)
  The ghost of Skeral the Devastator, an adept DrAE of Vehumet (Vaults:2)
  2 sphinxes
  2 thorn hunters
  A tengu reaver (Vaults:2)
  A fenstrider witch (Swamp:2)
  4 nagarajas
  A revenant (Vaults:2)
  Roxanne (D:15)
  Donald (Swamp:4)
  2 frost giants
  Louise (Swamp:1)
  7 vault wardens
  A deep elf sorcerer (Elf:1)
  7 ironbound preservers
  A reaper (IceCv)
  2 formless jellyfish
  A stone giant (Volcano)
  An eleionoma (Swamp:1)
  2 ironbound thunderhulks
  4 deep elf demonologists
  4 bunyips
  A war gargoyle (Vaults:2)
  3 dire elephants
  2 entropy weavers (shapeshifter)
  Josephine (Orc:1)
  3 ettins
  3 eidola (Vaults:2)
  9 yaktaur captains
  Fannar (D:11)
  A great orb of eyes (Vaults:2)
  3 shambling mangroves
  An entropy weaver (Vaults:2)
  32 hydras
  6 vault guards (Vaults:2)
  4 salamander tyrants
  13 alligators
  An ice dragon (Vaults:2)
  3 ironbound frosthearts
  3 ogre magi
  14 anacondas
  8 centaur warriors
  14 naga warriors
  2 catoblepae
  4 boulder beetles
  A death yak (Lair:3)
  14 two-headed ogres
  2 spriggan berserkers (Swamp:4)
  A tengu warrior (D:15)
  An occultist (D:15)
  3 dancing weapons (Elf:1)
  An orc high priest (Elf:1)
  4 shock serpents
  Sonja (D:11)
  23 naga sharpshooters
  2 skysharks
  2 deep elf knights (Elf:1)
  10 spriggans
  A sixfirhy (Lair:5)
  3 goliath frogs
  9 swamp dragons
  8 salamander mystics
  7 sea snakes (Snake:2)
  2 spriggan druids
  6 deep elf archers (Elf:1)
  13 deep trolls
  8 mana vipers
  15 ironbound convokers
  11 naga ritualists
  4 arcanists
  6 bog bodies
  7 deep elf zephyrmancers (Elf:1)
  8 lindwurms
  4 necromancers
  9 deep elf pyromancers
  3 phantasmal warriors
  19 ugly things
  2 orc knights (Orc:1)
  A stone giant zombie (Vaults:3)
  A wolf spider (D:15)
  2 orc sorcerers (Elf:1)
  An oklob plant (Lair:5)
  6 cyclopes
  2 manticores
  16 salamanders
  A stone giant skeleton (Vaults:2)
  3 will-o-the-wisps
  A kobold blastminer (Orc:2)
  6 vault sentinels
  Joseph (D:8)
  27 black mambas
  2 ice statues (IceCv)
  A meliai (shapeshifter) (Vaults:2)
  11 elephants
  A guardian serpent (shapeshifter) (Elf:1)
  3 gargoyles (Volcano)
  An orange demon (Lair:5)
  22 naga magi
  6 guardian serpents
  2 torpor snails
  A cane toad (shapeshifter) (D:13)
  A molten gargoyle (Volcano)
  Maggie (D:8)
  8 rime drakes
  2 unseen horrors
  12 cane toads
  3 kobold demonologists
  5 komodo dragons
  20 yaktaurs
  4 freezing wraiths
  A tengu conjurer (D:15)
  7 ice devils
  2 efreet
  A human skeleton (Vaults:2)
  A yaktaur skeleton (Vaults:2)
  2 red devils (Lair:5)
  5 polar bears
  A hellwing (Lair:5)
  17 trolls
  10 tyrant leeches
  A bloated husk (Swamp:1)
  The ghost of hito the Chopper, an amateur HORe of Beogh (D:4)
  10 hornets
  Grinder (D:3)
  Prince Ribbit (D:8)
  8 blink frogs
  An ettin zombie (Vaults:2)
  4 dream sheep (Lair:5)
  28 slime creatures
  Sigmund (D:2)
  An air elemental (Elf:1)
  6 wyverns
  56 yaks
  A water elemental (Elf:1)
  5 wraiths
  A yak (shapeshifter) (D:13)
  A vampire (D:13)
  2 fire bats (Volcano)
  A culicivora (Vaults:2)
  Eustachio (D:5)
  A dire elephant simulacrum (IceCv)
  13 fire elementals
  3 basilisks
  2 death yak simulacra (IceCv)
  A steam dragon (D:7)
  2 redbacks (Vaults:2)
  7 vampire mosquitoes
  3 wargs
  19 swamp worms
  Edmund (D:5)
  A glowing shapeshifter zombie (Vaults:3)
  A harpy simulacrum (IceCv)
  70 nagas
  20 water moccasins
  2 hell hounds (Lair:5)
  An ice beast (D:5)
  A black bear (D:5)
  6 swamp drakes
  19 orc warriors
  2 sky beasts
  4 laughing skulls (D:13)
  16 wolves
  5 boggarts
  7 centaurs
  22 ogres
  2 phantoms
  9 bullfrogs
  3 kobold brigands
  A gnoll sergeant (D:9)
  A scorpion (D:5)
  2 earth elementals
  4 two-headed ogre simulacra (IceCv)
  A cane toad simulacrum (IceCv)
  A glowing shapeshifter simulacrum (Vaults:3)
  9 wights
  3 killer bees (D:8)
  3 elephant simulacra (IceCv)
  4 electric eels
  A howler monkey (D:11)
  6 bombardier beetles
  5 lava snakes (Volcano)
  3 hounds
  15 orc priests
  2 jellies
  A gnoll bouda (D:6)
  2 iguanas
  2 sleepcaps
  13 orc wizards
  4 spriggan simulacra (IceCv)
  A polar bear simulacrum (IceCv)
  A troll simulacrum (IceCv)
  A wolf simulacrum (IceCv)
  Robin (D:2)
  8 gnolls
  10 adders
  A shadow imp (D:4)
  5 white imps
  2 ufetubi
  2 dart slugs
  2 ribbon worms (D:3)
  53 orcs
  4 bats
  8 endoplasms
  2 giant cockroaches
  10 goblins
  10 hobgoblins
  3 quokkas
  3 ball pythons
  3 frilled lizards
  13 kobolds
  6 rats
1222 creatures vanquished.

Vanquished Creatures (others)
  An ettin (Orc:1)
  A hydra (Swamp:4)
  A naga warrior (Snake:4)
  Urug (D:13)
  A bog body (Swamp:4)
  A sea snake (Snake:2)
  A deep troll (Vaults:2)
  An ironbound convoker (Vaults:3)
  A bloated husk (Swamp:1)
  A vampire (D:12)
  A yak (Lair:5)
  A hell hound (Lair:5)
  A water moccasin (Lair:5)
  An orc warrior (Orc:1)
  An orc (Elf:1)
  40 foxfires
  10 spectral weapons
65 creatures vanquished.

Grand Total: 1287 creatures vanquished

Notes
Turn   | Place    | Note
-------+----------+-------------------------------------------
     0 | D:1      | GloriousHammer the Formicid Cinder Acolyte began the quest
                  | for the Orb.
     0 | D:1      | Reached XP level 1. HP: 18/18 MP: 2/2
   326 | D:1      | Found Fityasm's Armour Shoppe.
   511 | D:1      | Found Neific's Weapon Shoppe.
   744 | D:2      | Reached XP level 2. HP: 19/24 MP: 3/3
   778 | D:2      | Found an iron altar of Okawaru.
   992 | D:2      | Reached skill level 4 in Polearms
   992 | D:2      | Reached XP level 3. HP: 29/29 MP: 4/4
  1281 | D:2      | Reached XP level 4. HP: 31/35 MP: 5/5
  1628 | D:2      | Noticed Robin
  1647 | D:2      | Killed Robin
  1648 | D:2      | Reached skill level 5 in Polearms
  1696 | D:2      | Noticed Sigmund
  2137 | D:3      | Reached XP level 5. HP: 40/41 MP: 6/6
  2377 | D:3      | Noticed Grinder
  2389 | D:3      | Killed Grinder
  2390 | D:3      | Reached skill level 6 in Polearms
  2390 | D:3      | Reached XP level 6. HP: 47/47 MP: 7/7
  2872 | D:4      | Reached skill level 7 in Polearms
  2880 | D:4      | Reached XP level 7. HP: 47/52 MP: 8/8
  3750 | D:4      | Reached skill level 8 in Polearms
  4185 | D:4      | Found a runed translucent door.
  4191 | D:4      | Noticed hito's ghost (amateur HORe)
  4338 | D:5      | Entered Level 5 of the Dungeon
  4341 | D:5      | Reached XP level 8. HP: 58/58 MP: 9/9
  4345 | D:5      | Noticed Eustachio
  4386 | D:5      | Killed Eustachio
  4387 | D:5      | Reached skill level 9 in Polearms
  5117 | D:5      | Reached skill level 10 in Polearms
  5308 | D:1      | Bought a +1 cloak of preservation for 165 gold pieces
  5425 | D:5      | Found a shadowy altar of Dithmenos.
  5688 | D:5      | Found a staircase to the Ecumenical Temple.
  5697 | Temple   | Entered the Ecumenical Temple
  5709 | D:5      | Reached XP level 9. HP: 58/64 MP: 10/10
  6111 | D:5      | Reached skill level 11 in Polearms
  6194 | D:5      | Noticed Edmund
  6223 | D:5      | Killed Edmund
  7069 | D:6      | Reached skill level 12 in Polearms
  8021 | D:7      | Found Punu Foi's Self-Improvement Boutique.
  8161 | D:7      | Found a blossoming altar of Fedhas.
  8259 | D:7      | Reached XP level 10. HP: 71/73 MP: 11/11
  8302 | D:7      | Reached skill level 5 in Fighting
  8455 | D:7      | Noticed a five-headed hydra
  8466 | D:7      | Killed an eight-headed hydra
  8467 | D:7      | Reached skill level 5 in Armour
  8977 | D:7      | Learned a level 3 spell: Fugue of the Fallen
  9038 | D:8      | Noticed Maggie
  9056 | D:8      | Killed Maggie
  9057 | D:8      | Reached skill level 1 in Dodging
  9057 | D:8      | Reached skill level 1 in Evocations
  9195 | D:8      | Identified 2 scrolls of acquirement
  9216 | D:8      | Acquired a manual of Evocations
  9218 | D:8      | Acquired the +6 crystal plate armour "Rehipues" {Harm}
  9348 | D:8      | Reached skill level 13 in Polearms
  9355 | D:8      | Noticed Prince Ribbit
  9357 | D:8      | Noticed Joseph
  9389 | D:8      | Killed Joseph
  9416 | D:8      | Killed Prince Ribbit
  9675 | D:9      | Reached XP level 11. HP: 83/83 MP: 12/12
  9937 | D:9      | Reached skill level 1 in Shields
 10108 | D:9      | Found a staircase to the Lair.
 10227 | D:9      | Noticed a two-headed ogre
 10234 | D:9      | Killed a two-headed ogre
 10451 | D:9      | Reached skill level 5 in Evocations
 10654 | D:9      | Found a glowing golden altar of the Shining One.
 10695 | D:9      | Reached skill level 5 in Shields
 10993 | Lair:1   | Entered Level 1 of the Lair of Beasts
 11584 | Lair:1   | Reached XP level 12. HP: 92/92 MP: 13/13
 12180 | Lair:2   | Noticed a seven-headed hydra
 12180 | Lair:2   | Found a shimmering altar of Xom.
 12186 | Lair:2   | Killed a seven-headed hydra
 12745 | Lair:2   | Found a staircase to the Snake Pit.
 13140 | Lair:2   | Noticed a six-headed hydra
 13155 | Lair:2   | Killed a six-headed hydra
 13156 | Lair:2   | Reached skill level 14 in Polearms
 13524 | Lair:3   | Noticed a four-headed hydra
 13539 | Lair:3   | Killed a four-headed hydra
 13803 | Lair:3   | Found a staircase to the Swamp.
 13892 | Lair:3   | Reached XP level 13. HP: 98/101 MP: 14/14
 14009 | Lair:3   | Reached skill level 10 in Evocations
 14746 | Temple   | Fell from the grace of Ignis
 14746 | Temple   | Became a worshipper of Ru the Awakened
 14957 | Lair:4   | Noticed an eight-headed hydra
 14970 | Lair:4   | Killed an eight-headed hydra
 14971 | Lair:4   | Reached skill level 10 in Fighting
 15618 | Lair:4   | Reached skill level 10 in Armour
 16244 | Lair:4   | Found a viscous altar of Jiyva.
 16301 | Lair:4   | Found a staircase to the Slime Pits.
 16716 | Lair:5   | Entered Level 5 of the Lair of Beasts
 16922 | Lair:5   | Noticed a catoblepas
 16932 | Lair:5   | Killed a catoblepas
 17191 | Lair:5   | Noticed an eight-headed hydra
 17311 | Lair:4   | Killed an eight-headed hydra
 17312 | Lair:4   | Reached skill level 15 in Polearms
 17473 | Lair:5   | Reached XP level 14. HP: 103/113 MP: 15/15
 17596 | Lair:5   | Noticed a dire elephant
 17622 | Lair:5   | Killed a dire elephant
 18048 | Lair:5   | Gained mutation: You cannot study or cast Ice magic. [Ru
                  | sacrifice]
 18048 | Lair:5   | Gained mutation: You cannot study or cast Hexes magic. [Ru
                  | sacrifice]
 18048 | Lair:5   | Gained mutation: You cannot study or cast Summoning magic.
                  | [Ru sacrifice]
 18048 | Lair:5   | Reached * piety under Ru
 18224 | Lair:5   | Was forgiven by Ignis
 18888 | Lair:5   | Learned a level 3 spell: Vampiric Draining
 19268 | Lair:5   | Identified the +3 trident "Zaukikk" {spect, *Slow rPois
                  | Will+ Str+4}
 19487 | Lair:5   | Found a burning altar of Makhleb.
 19542 | Lair:5   | Reached skill level 1 in Necromancy
 19657 | Lair:5   | Found a gateway to Hell.
 19673 | Lair:5   | Got Sif Muna's Codex of Bewitchment and Energy
 19915 | D:10     | Entered Level 10 of the Dungeon
 19920 | D:10     | Found an ornate altar of the Wu Jian Council.
 20156 | D:10     | Found a staircase to the Orcish Mines.
 20276 | D:10     | Found a hide-covered altar of Uskayaw.
 20735 | D:11     | Found Qulyunn's Weapon Shoppe.
 20771 | D:11     | Gained mutation: You are somewhat inexperienced. (-1 XL)
                  | [Ru sacrifice]
 20771 | D:11     | Reached XP level 13. HP: 108/108 MP: 16/16
 20771 | D:11     | Reached ** piety under Ru
 20816 | D:11     | Found a frozen archway.
 20833 | IceCv    | Entered an ice cave
 21864 | IceCv    | Noticed a reaper
 21871 | IceCv    | Killed a reaper
 22068 | IceCv    | Found the +2 Maxwell's thermic engine {flame, freeze, rev}
 22314 | D:11     | Noticed Sonja
 22315 | D:11     | Killed Sonja
 22316 | D:11     | Reached XP level 14. HP: 112/114 MP: 18/18
 22349 | D:11     | Found a bloodstained altar of Trog.
 22392 | D:11     | Found Genockaa's Assorted Antiques.
 22407 | D:11     | Bought a scroll labelled OHIUFO ZAQA for 25 gold pieces
 22407 | D:11     | Bought a cyan potion for 22 gold pieces
 22407 | D:11     | Bought a scroll labelled SITARE DATAA for 25 gold pieces
 22407 | D:11     | Bought a scroll labelled LIXITO YTAMNA for 25 gold pieces
 22507 | D:11     | Noticed Fannar
 22513 | D:11     | Killed Fannar
 23505 | D:12     | Gained mutation: You are dopey. (Int -2) [Ru sacrifice]
 23505 | D:12     | Reached *** piety under Ru
 24490 | D:2      | Killed Sigmund
 24586 | D:4      | Killed hito's ghost
 24778 | Orc:1    | Entered Level 1 of the Orcish Mines
 24845 | Orc:1    | Noticed Josephine
 24863 | Orc:1    | Killed Josephine
 24864 | Orc:1    | Reached skill level 10 in Shields
 24973 | Orc:1    | Found a dark tunnel.
 24987 | Volcano  | Entered a volcano
 25305 | Volcano  | Found a burning altar of Makhleb.
 25321 | Volcano  | Reached skill level 16 in Polearms
 25327 | Volcano  | Noticed a stone giant
 25336 | Volcano  | Killed a stone giant
 26013 | Orc:2    | Entered Level 2 of the Orcish Mines
 26026 | Orc:2    | Found a staircase to the Elven Halls.
 26106 | Orc:2    | Found Areu's Antique Armour Shop.
 26553 | Orc:1    | Gained mutation: You are inexperienced. (-2 XL) [Ru
                  | sacrifice]
 26553 | Orc:1    | Reached XP level 13. HP: 107/107 MP: 17/17
 26553 | Orc:1    | Reached **** piety under Ru
 26911 | Orc:2    | Reached skill level 15 in Evocations
 27039 | Orc:2    | Found Focziguz's Book Emporium.
 27047 | Orc:2    | Found Vonusuz's Weapon Shoppe.
 27057 | Orc:2    | Found Luucoxee's Antique Weapon Emporium.
 27429 | D:13     | Reached XP level 14. HP: 118/118 MP: 18/18
 27447 | D:13     | Reached skill level 5 in Necromancy
 27467 | D:13     | Found a gate to the Vaults.
 27747 | D:13     | Noticed Urug
 27755 | D:13     | Killed Urug
 27774 | D:13     | Found Rama Lo Xoph's Overcharged Wands.
 28551 | D:15     | Entered Level 15 of the Dungeon
 28551 | D:15     | Noticed Roxanne
 28612 | D:15     | Killed Roxanne
 29010 | D:15     | Gained mutation: You cannot voluntarily change form. [Ru
                  | sacrifice]
 29010 | D:15     | Reached ***** piety under Ru
 29602 | D:15     | Found a staircase to the Depths.
 29673 | D:15     | Found a bloodstained altar of Trog.
 30565 | Swamp:1  | Entered Level 1 of the Swamp
 30611 | Swamp:1  | Noticed Louise
 30620 | Swamp:1  | Killed Louise
 30692 | Swamp:1  | Noticed Jorgrun
 30748 | Swamp:1  | Killed Jorgrun
 30749 | Swamp:1  | Reached XP level 15. HP: 16/125 MP: 2/19
 32050 | Swamp:1  | Upgraded the game from 0.31.0-2-g5a2aebc5c2 to
                  | 0.31.0-4-g52a2dc7128
 32268 | Swamp:1  | Gained mutation: You are somewhat unskilled. (-1 Apt) [Ru
                  | sacrifice]
 32268 | Swamp:1  | Reduced skill Polearms to level 15
 32909 | Swamp:2  | Noticed Mlioglotl
 32918 | Swamp:2  | Killed Mlioglotl
 33993 | Swamp:4  | Entered Level 4 of the Swamp
 34465 | Swamp:4  | Noticed Donald
 34476 | Swamp:4  | Killed Donald
 34540 | Swamp:4  | Noticed Mara
 34544 | Swamp:4  | Noticed GloriousHammer's illusion
 34545 | Swamp:4  | Killed Mara
 34884 | Swamp:4  | Noticed a thorn hunter
 34890 | Swamp:4  | Reached XP level 16. HP: 101/117 MP: 11/20
 35096 | Swamp:4  | Got a decaying rune of Zot
 35413 | Snake:1  | Entered Level 1 of the Snake Pit
 36132 | Snake:1  | Found Ezegug's General Store.
 36132 | Snake:1  | Found Pyiwnaco's Book Shop.
 36146 | Snake:1  | Identified the ring of Wofaempola {*Corrode rElec rF++ rC+
                  | SInv}
 36330 | Snake:1  | Bought 3 scrolls of identify for 84 gold pieces
 37519 | Snake:2  | Identified the +4 mace "Destrus" {protect, rN+ Str-2
                  | Stlth+}
 37784 | Snake:2  | Gained mutation: You are very dopey. (Int -4) [Ru
                  | sacrifice]
 37784 | Snake:2  | Reached ****** piety under Ru
 37864 | Snake:2  | Identified the ring of the Gloaming {MP+9 Str+4}
 38753 | Snake:3  | Noticed Saint Roka
 38786 | Snake:3  | Killed Saint Roka
 38869 | Snake:3  | Found Horruphu's Book Shoppe.
 39038 | Snake:3  | Bought a book of Transmutation for 308 gold pieces
 39041 | Snake:3  | Learned a level 2 spell: Sublimation of Blood
 39173 | Snake:3  | Reached XP level 17. HP: 81/140 MP: 23/23
 39553 | Snake:3  | Reached skill level 16 in Polearms
 39733 | Snake:3  | Found an opulent altar of Gozag.
 39735 | Snake:3  | Noticed a tentacled monstrosity
 39747 | Snake:3  | Killed a tentacled monstrosity
 39915 | Snake:3  | Reached skill level 15 in Fighting
 40102 | Snake:3  | Reached skill level 5 in Spellcasting
 40692 | Snake:3  | Identified the +8 great sword "Hualita" {holy, rN+ Int+3}
 41185 | Snake:4  | Entered Level 4 of the Snake Pit
 41467 | Snake:4  | Reached skill level 15 in Armour
 41590 | Snake:4  | Reached skill level 10 in Necromancy
 42543 | Snake:4  | Reached XP level 18. HP: 143/150 MP: 24/27
 43054 | Snake:4  | Got a serpentine rune of Zot
 43755 | Vaults:1 | Entered Level 1 of the Vaults
 43861 | Vaults:1 | Found Gelith's Distillery.
 43867 | Vaults:1 | Bought a potion of might for 84 gold pieces
 43867 | Vaults:1 | Bought a potion of enlightenment for 105 gold pieces
 44628 | Vaults:1 | Identified the +0 scale mail of Reason {Rampage rC- Str+4
                  | Dex+3}
 45695 | Vaults:2 | Reached skill level 15 in Shields
 46204 | Vaults:2 | Reached XP level 19. HP: 130/156 MP: 29/29
 46481 | Vaults:2 | Found a runed translucent gate.
 46481 | Vaults:2 | Found a runed translucent gate.
 46481 | Vaults:2 | Found a runed translucent gate.
 46482 | Vaults:2 | Noticed Skeral's ghost (adept DrAE)
 47252 | Vaults:2 | Killed Skeral's ghost
 47426 | Vaults:3 | Reached skill level 17 in Polearms
 48325 | Vaults:3 | Found Vociugh's Weapon Shop.
 48543 | Vaults:3 | Noticed a bone dragon
 48567 | Vaults:3 | Killed a bone dragon
 48606 | Vaults:3 | Found a staircase to the Crypt.
 49560 | Elf:1    | Entered Level 1 of the Elven Halls
 49711 | Elf:1    | Found Pisaasm's Assorted Antiques.
 49832 | Elf:1    | Found an ancient bone altar of Kikubaaqudgha.
 50113 | Elf:1    | Identified the +5 hand axe of Mugric {pain, Dex+3}
 50138 | Elf:1    | Killed from afar by a deep elf death mage

Illustrated notes

Levels and vault maps discovered:
D:1:      dpeg_arrival_boxorama, layout_basic, serial_shops, shop,
          shop_fountains, minmay_liquid_box
D:2:      kb_forest_paths, layout_basic, basic_altar, uniq_robin, uniq_sigmund
D:3:      layout_rooms, hangedman_decor_growths, minmay_quadrilaterals,
          uniq_grinder
D:4:      layout_loops_ring, ebering_ghost_reflecting_pool,
          minmay_manual_monstrance
D:5:      layout_cave_pods, nicolae_dithmenos_shadow_blocks,
          minmay_temple_entry_junction, uniq_edmund, uniq_eustachio
D:6:      layout_loops_cross
D:7:      nzn_winding_woodlands_small [nzn_winding_woodlands_5x15_pockets,
          nzn_winding_woodlands_center_diamonds,
          nzn_winding_woodlands_5x15_eye], layout_basic,
          fedhas_bush_and_centaur_altar, nicolae_shop_self_help
D:8:      layout_basic, uniq_prince_ribbit1, uniq_maggie, uniq_joseph
D:9:      lemuel_troll_bridge, layout_basic, tso_metal_star,
          erik_lair_orcish_takeover
D:10:     layout_loops_ring, nicolae_uskayaw_murder_on_the_dancefloor,
          lemuel_tele_altar, david_orc_2
D:11:     layout_stronghold, portal_ice_cave_entry_pillars_2, serial_shops,
          shop, nicolae_shop_tiny_glass, david_defended_altar_orc, uniq_fannar,
          uniq_sonja
D:12:     layout_layer_cave
D:13:     layout_cave_pools, david_vaults_4, nicolae_shop_overcharged_wands,
          uniq_urug
D:14:     layout_rooms
D:15:     hangedman_depths_entry_try_elsewhere_first, layout_basic,
          kennysheep_pointless_box, trog_ov_bears_minmay, uniq_roxanne
Temple:   bh_familiar_temple
Lair:1:   layout_small_grid, hibernation_bobbens
Lair:2:   layout_chaotic_city, alex1729_snake_entry_snake, basic_altar
Lair:3:   layout_roguey, nicolae_swamp_entry_splash_gauntlet
Lair:4:   layout_regular_city, dpeg_slime_entry_enclosed, beast_lair_carwin_9,
          infiniplex_staircase_pool_2
Lair:5:   evil_forest, layout_cave_pods
Swamp:1:  layout_basic_swamp, hangedman_swamp_ruin_hall, swamp_pool_1_2,
          nicolae_swamp_decorative_isthmus, infiniplex_staircase_pool,
          uniq_jorgrun, uniq_louise
Swamp:2:  layout_falls_marsh, evilmike_swamp_ruin_house_5, uniq_mlioglotl
Swamp:3:  layout_basic_swamp, serial_swamp_ruin, evilmike_swamp_ruin_rubble_2,
          evilmike_swamp_ruin_house_2
Swamp:4:  swamp_basic_johnstein, layout_basic_swamp, uniq_mara, uniq_donald
Snake:1:  layout_misc_corridors, minmay_shoptagon, grunt_megastairs_1
Snake:2:  layout_honeycomb, serial_bayou_lake_a, serial_bayou_shore_b
Snake:3:  onia_ninara_swampy_vault, layout_onion_interference, serial_shops,
          nicolae_shop_tiny_statue_garden, basic_altar, grunt_megastairs_4,
          uniq_saint_roka
Snake:4:  johnstein_snake_rune_scales, layout_basic
Orc:1:    layout_caves, basic_altar, enter_volcano_1, uniq_josephine
Orc:2:    st_orc_open, layout_caves
Elf:1:    minmay_elf_arrival_plus, layout_rooms, serial_shops,
          nicolae_take_the_stairs, basic_altar, minivault_28, dk_noncrumbling_3,
          nicolae_concentric_dashed_squares_mild
Vaults:1: ontoclasm_vaults_fault, nicolae_vaults_ninety_degrees,
          dpeg_vaults_monster_box, vaults_room_grunt_arrival_ludios,
          vaults_dpeg_spiral, nicolae_vaults_heart-shaped_vault,
          vaults_room_grid, ontoclasm_vaults_loading_screen,
          vaults_mumra_hexcomb, layout_vaults_quadrants, serial_shops, shop
Vaults:2: gammafunk_ghost_spectres, v_misc_11, grunt_vaults_hallway_long,
          nicolae_vaults_surprise_closet,
          nicolae_vaults_variable_pillar_hall_cross,
          nicolae_vaults_mini_display_case, v_misc_30, st_greater_box_5,
          nicolae_vaults_tetromino_L_2, nicolae_vaults_alarming,
          nicolae_vaults_wine_cellar, layout_vaults_omnibox
Vaults:3: minmay_crypt_entry_nasty_monster, nicolae_vaults_puzzle_piece,
          st_octagons_2, vaults_standard_mumra_enter_the_diamond,
          nicolae_vaults_double_plus_1, nicolae_vaults_prndl,
          nicolae_vaults_specimen_jars, v_misc_14, ontoclasm_vaults_shuriken,
          layout_vaults_chaotic_city, serial_shops, shop

Skill      XL: |  1  2  3  4  5  6  7  8  9 10 11 12 13 14 15 16 17 18 19 |
---------------+----------------------------------------------------------+-----
Polearms       | 4 5 6 7 8 10 12 13 14 15 16 15 16 17 | 17.3
Armour         | 2 3 6 7 8 10 14 13 14 15 16 | 16.7
Fighting       | 4 6 8 9 11 14 14 15 16 | 16.9
Dodging        | 2 3 2 |  2.6
Evocations     | 3 6 9 15 14 14 | 14.7
Shields        | 6 9 11 13 13 14 15 16 | 16.0
Necromancy     | 2 7 8 9 10 11 12 | 12.0
Spellcasting   | 3 2 4 6 7 |  7.0
Fire Magic     | 2 |  2.6

Action                     |  1- 3 |  4- 6 |  7- 9 | 10-12 | 13-15 | 16-18 | 19-21 || total
---------------------------+-------+-------+-------+-------+-------+-------+-------++-------
  Melee: Spear             |    64 |   112 |   336 |       |       |       |       ||   512
         Punch             |     2 |     2 |     6 |     2 |       |       |       ||    12
         Halberd           |       |       |    94 |   578 |  1041 |   362 |       ||  2075
         Trident           |       |       |       |    11 |   263 |  1085 |   130 ||  1489
         Glaive            |       |       |       |       |   702 |    26 |   429 ||  1157
         Demon trident     |       |       |       |       |    11 |       |       ||    11
   Fire: Sling             |    19 |    10 |    29 |    17 |    13 |       |       ||    88
  Throw: Dart              |       |       |       |     4 |     1 |       |       ||     5
         Boomerang         |       |       |       |     7 |    13 |    13 |     4 ||    37
   Cast: Fugue of the Fall |       |       |       |       |       |     4 |     1 ||     5
 Invoke: Fiery Armour      |     1 |     1 |     5 |     2 |       |       |       ||     9
         Foxfire Swarm     |       |     1 |       |     1 |       |       |       ||     2
         Rising Flame      |       |       |     1 |       |       |       |       ||     1
         Sacrifice Experie |       |       |       |       |     2 |       |       ||     2
         Draw Out Power    |       |       |       |       |     5 |     1 |     1 ||     7
         Apocalypse        |       |       |       |       |     7 |     5 |     1 ||    13
         Power Leap        |       |       |       |       |     1 |     9 |     4 ||    14
         Sacrifice Purity  |       |       |       |       |     1 |     1 |       ||     2
         Sacrifice Arcana  |       |       |       |       |     1 |       |       ||     1
         Sacrifice Forms   |       |       |       |       |     1 |       |       ||     1
         Sacrifice Skill   |       |       |       |       |     1 |       |       ||     1
Ability: Dig               |       |       |       |       |     3 |     4 |       ||     7
  Evoke: Wand              |       |       |       |     9 |    32 |     5 |       ||    46
         Lightning rod     |       |       |       |     2 |    24 |    18 |       ||    44
         Condenser vane    |       |       |       |       |       |     2 |     1 ||     3
    Use: Scroll            |       |       |     7 |     7 |    13 |     9 |     1 ||    37
         Potion            |       |       |       |       |     3 |       |       ||     3
   Stab: Sleeping          |     1 |     3 |     1 |       |       |       |       ||     5
         Distracted        |       |       |       |     1 |     8 |    27 |     3 ||    39
         Invisible         |       |       |       |       |     7 |     8 |       ||    15
         Paralysed         |       |       |       |       |     5 |    17 |     8 ||    30
 Armour: Robe              |    29 |    22 |       |       |       |       |       ||    51
         Leather armour    |       |    13 |   160 |    43 |       |       |       ||   216
         Chain mail        |       |       |    53 |       |       |       |       ||    53
         Crystal plate arm |       |       |       |   369 |  1414 |   596 |   354 ||  2733
         Plate armour      |       |       |       |    27 |       |       |       ||    27
  Dodge: Dodged            |    41 |    30 |   137 |   106 |   277 |   123 |    62 ||   776
  Block: Kite shield       |       |       |       |   178 |   868 |   308 |       ||  1354
         Buckler           |       |       |       |       |    10 |       |       ||    10
         Tower shield      |       |       |       |       |       |   250 |   440 ||   690
         Reflection        |       |       |       |       |       |    38 |    45 ||    83
